AoeStats
← Karamazov

Arabia

510675428Analyzed
1v1 RM · 1d ago on Oct 2, 2026· 39m 27s· 2 players
Game mode
Random Map
Map size
Tiny (2 player)
Population
200
Speed
Normal
Resources
Standard
Victory
Conquest
Starting age
Dark Age
Ending age
Imperial Age
RankedLock teamsTeams togetherTeam positionsShared explorationLock speedFull tech treeHidden civsTurbo modeCheats
Victory
Defeat
🇲🇽 Sicilians · Mexico
1344
+14
🇧🇷 Varangians · Brazil
1309
-14
Karamazov
6:05 Loom
9:42 Feudal Age
14:35 Double-Bit Axe
40:06 Castle Age
soymagazo
2:31 Loom
25:12 Feudal Age
29:47 Castle Age
27:40 Double-Bit Axe
28:01 Stone Mining
28:22 Horse Collar
29:32 Gold Mining
31:02 Fletching
33:23 Bow Saw
33:12 Town Watch
35:48 Wheelbarrow
39:12 Imperial Age
37:41 Forging
37:36 Scale Barding Armor
39:13 Hand Cart
Connection lost

Rejoining the realm…

Still unreachable

The connection could not be restored.

Session expired

The server has moved on; the page needs a fresh start.